 Dungeon Crawl Stone Soup version 0.24-a0-509-ga1643a6788 (webtiles) character file.

Game seed: 2522967431472705331

84 Inarius the Caller (level 4, -6/30 HPs)
             Began as a Demonspawn Summoner on July 19, 2019.
             Killed by nerve-wracking pain
             ... invoked by Menkaure
              (12 damage)
             ... on level 4 of the Dungeon.
             The game lasted 00:05:02 (3216 turns).

Inarius the Caller (Demonspawn Summoner)            Turns: 3216, Time: 00:05:03

Health: -6/30      AC:  3    Str:  8    XL:     4   Next: 24%
Magic:  15/16      EV: 12    Int: 17    God:
Gold:   197        SH:  0    Dex: 14    Spells: 1/7 levels left

rFire    . . .     SeeInvis .   (no weapon)
rCold    . . .     Gourm    .   (no shield)
rNeg     . . .     Faith    .   a - +0 robe
rPois    .         Spirit   .   (no helmet)
rElec    .         Reflect  .   e - +0 cloak
rCorr    .         Harm     .   (gloves unavailable)
MR       .....                  (no boots)
Stlth    ++........             q - amulet of magic regeneration
HPRegen  0.10/turn              m - ring of magical power
MPRegen  0.40/turn              o - ring of flight

@: no status effects
A: claws 3
a: Evoke Flight


You were on level 4 of the Dungeon.
You were not hungry.

You visited 1 branch of the dungeon, and saw 4 of its levels.

You collected 197 gold pieces.

Inventory:

Armour
 a - a +0 robe (worn)
 e - a +0 cloak (worn)
Jewellery
 m - a ring of magical power (left claw)
 o - a ring of flight (right claw)
 q - an amulet of magic regeneration (around neck)
Scrolls
 b - 6 scrolls of remove curse
 g - 2 scrolls of noise
 l - 2 scrolls of immolation
 p - a scroll of amnesia
Potions
 d - a potion of degeneration {unknown}
 h - a potion of mutation {unknown}
 i - a potion of might
 j - 2 potions of lignification
 n - 2 potions of curing
 r - a potion of agility
Comestibles
 c - 11 rations
 s - 2 chunks of flesh


   Skills:
 + Level 0.1 Fighting
 + Level 1.9 Dodging
 - Level 1.7 Stealth
 + Level 0.8 Unarmed Combat
 + Level 2.3 Spellcasting
 * Level 5.3 Summonings


You had one spell level left.
You knew the following spells:

 Your Spells              Type           Power        Failure   Level  Hunger
a - Summon Small Mammal   Summ           ###.         1%          1    #......
b - Call Imp              Summ           ###.....     3%          2    ###....
c - Call Canine Familiar  Summ           ###.....     6%          3    ###....

Your spell library contained the following spells:

 Spells                   Type           Power        Failure   Level  Hunger
 Summon Guardian Golem    Hex/Summ       ##......     19%         3    ###....
 Summon Ice Beast         Ice/Summ       ##......     52%         4    #####..
 Summon Lightning Spire   Summ/Air       ##......     52%         4    #####..


Dungeon Overview and Level Annotations

Branches:
Dungeon (4/15)
 Temple: D:4-7

Altars:

Annotations:
D:4 Menkaure


Innate Abilities, Weirdness & Mutations

You have claws for hands.


Message History

Unknown command.
You claw Menkaure!
Menkaure is almost destroyed.
Your crimson imp blinks!
Menkaure hits you!
* * * LOW HITPOINT WARNING * * *
Your crimson imp hits Menkaure.
Unknown command.
You scratch Menkaure.
Menkaure is almost destroyed.
Menkaure closely misses you.
Your crimson imp blinks!
Menkaure calls on the powers of darkness!
Your body is wracked with pain!
* * * LOW HITPOINT WARNING * * *
You scratch Menkaure but do no damage.
Menkaure is almost destroyed.
Menkaure gestures at you while chanting.
Pain shoots through your body!
You die...

*,* *.# *,* *,>,*,> *,* *M#
*,* **,,,*,, *,* ##.###,*
###+##**** *,* #...!,,*
#....#### *,*
#..#***###.....#.# *,* #5#*
#.........# *,* #.#
#.#......##
*.#####M######.#......##
#.....ยงยง@......###.#...##
######.....#######.......
*#.......(..........##
#....5..######........
#........,,,..........
#.......##*###........
##.....## ####...## ##...##
#...# ***** #...#


You could see Menkaure and 2 friendly crimson imps.

Vanquished Creatures
  Jessica (D:2)
  A worm (D:2)
  A dart slug (D:1)
  A leopard gecko (D:1)
  An orc (D:3)
  2 bats
  A giant cockroach (D:3)
  6 goblins
  4 hobgoblins
  5 jackals
  2 frilled lizards
  A kobold (D:2)
  5 rats
31 creatures vanquished.

Vanquished Creatures (collateral kills)
  An adder (D:3)
  2 worms
  A bat (D:2)
  A giant cockroach (D:3)
  2 hobgoblins
  A jackal (D:3)
  3 goblins
  A kobold (D:3)
  2 rats
14 creatures vanquished.

Grand Total: 45 creatures vanquished

Notes
Turn   | Place    | Note
-------+----------+-------------------------------------------
     0 | D:1      | Inarius the Demonspawn Summoner began the quest for the
                  | Orb.
     0 | D:1      | Reached XP level 1. HP: 13/13 MP: 3/3
   503 | D:1      | Gained mutation: You have sharp fingernails. [demonic
                  | ancestry]
   503 | D:1      | Reached XP level 2. HP: 19/19 MP: 3/5
  1200 | D:2      | Noticed Jessica
  1219 | D:2      | Killed Jessica
  1219 | D:2      | Gained mutation: You have very sharp fingernails. [demonic
                  | ancestry]
  1219 | D:2      | Reached XP level 3. HP: 18/24 MP: 3/6
  1358 | D:2      | Reached skill level 5 in Summonings
  1457 | D:2      | Learned a level 2 spell: Call Imp
  1461 | D:2      | Learned a level 3 spell: Call Canine Familiar
  2432 | D:3      | Gained mutation: You have claws for hands. [demonic
                  | ancestry]
  2432 | D:3      | Reached XP level 4. HP: 29/30 MP: 7/7
  3197 | D:4      | Noticed Menkaure
  3216 | D:4      | Killed from afar by Menkaure

Levels and vault maps discovered:
D:1:      psy_arrival_radial02, layout_basic
D:2:      layout_rooms, first_ration, st_stairs_7, uniq_jessica
D:3:      layout_basic
D:4:      layout_loops_ring, serial_shops, shop_coins, nicolae_shop_crystal,
          shop, nicolae_ossuary_entry_false_entrances, uniq_eustachio,
          uniq_menkaure

Skill      XL: |  1  2  3 |
---------------+----------+-----
Summonings     | 5 |  5.3
Fighting       | |  0.1
Dodging        | |  1.9
Stealth        | |  1.7
Unarmed Combat | |  0.8
Spellcasting   | |  2.3

Action                   |  1- 3 |  4- 6 || total
-------------------------+-------+-------++-------
Melee: Club              |    15 |       ||    15
       Short sword       |    13 |       ||    13
       Unarmed           |    91 |    23 ||   114
 Cast: Summon Small Mamm |    10 |       ||    10
       Call Imp          |     9 |     7 ||    16
  Use: Scroll            |       |    11 ||    11
 Stab: Sleeping          |     3 |       ||     3
  Eat: Chunk             |     5 |     3 ||     8
Armor: Robe              |    23 |     2 ||    25
Dodge: Dodged            |    80 |    18 ||    98

Table legend:
 A = Non-vault XP
 B = Vault XP
 C = Vault XP percentage of total XP
 D = Non-vault monster count
 E = Vault monster count
 F = Vault count percentage of total count
                 A         B        C        D         E       F
            +---------+---------+-------+---------+---------+-------
      Total |      86 |      35 |  28.9 |      42 |       3 |   6.7
            +---------+---------+-------+---------+---------+-------
        D:1 |      18 |       0 |   0.0 |      10 |       0 |   0.0
        D:2 |      32 |      35 |  52.2 |      19 |       3 |  13.6
        D:3 |      36 |       0 |   0.0 |      13 |       0 |   0.0
            +---------+---------+-------+---------+---------+-------
